 Dungeon Crawl Stone Soup version 0.21.1-1-g345015fe64 (webtiles) character file.

27434 PikkenKukken the Protected (level 13, 0/117 HPs)
             Began as a Minotaur Fighter on June 26, 2018.
             Was a High Priest of Qazlal.
             Splashed by an oklob plant's acid (11 damage)
             ... on level 3 of the Lair of Beasts.
             The game lasted 00:39:28 (12995 turns).

PikkenKukken the Protected (Minotaur Fighter)      Turns: 12995, Time: 00:39:29

Health: 0/117      AC:  7    Str: 24    XL:     13   Next: 4%
Magic:  15/15      EV:  7    Int:  6    God:    Qazlal [*****.]
Gold:   572        SH:  7    Dex: 16    Spells: 12/12 levels left

rFire    . . .     SeeInvis .   E - +6 executioner's axe of Conscience {freeze, *Drain +Rage rElec}
rCold    . . .     Gourm    .   (shield currently unavailable)
rNeg     + + .     Faith    +   F - +0 plate armour
rPois    +         Spirit   .   (helmet unavailable)
rElec    +         Reflect  .   (no cloak)
rCorr    .         Harm     .   g - +0 pair of gloves
MR       .....                  J - +1 pair of boots
Stlth    ..........             u - amulet "Ryirr" {Faith rN+}
HPRegen  0.69/turn              n - +5 ring of dexterity
MPRegen  0.14/turn              H - ring of positive energy

@: corroded, repel missiles
A: retaliatory headbutt, horns 3, low mp 1, poison resistance, regeneration 1
a: Upheaval, Elemental Force, Disaster Area, Renounce Religion, Evoke Berserk
Rage


You were on level 3 of the Lair of Beasts.
You worshipped Qazlal.
Qazlal was extremely pleased with you.
You were not hungry.

You visited 2 branches of the dungeon, and saw 13 of its levels.

You collected 717 gold pieces.
You spent 145 gold pieces at shops.

Inventory:

Hand Weapons
 a - a +0 war axe
 d - a +3 antimagic war axe
 E - the +6 executioner's axe of Conscience (weapon) {freeze, *Drain +Rage rElec}
   (You acquired it on level 2 of the Lair of Beasts)

   It has been specially enchanted to freeze those struck by it, causing extra
   injury to most foes and up to half again as much damage against particularly
   susceptible opponents.
   It can also slow down cold-blooded creatures.
   It insulates you from electricity.
   It lets you go berserk.
   It causes draining when unequipped.
Missiles
 b - a throwing net
 G - 7 tomahawks of dispersal
 N - 11 tomahawks (quivered)
Armour
 c - a +1 shield
 g - a +0 pair of gloves (worn)
 F - a +0 plate armour (worn)
 I - the +1 chain mail of Unambiguity {Str+3}
   (You found it on level 1 of the Lair of Beasts)

   It affects your strength (+3).
 J - a +1 pair of boots (worn)
Jewellery
 n - a +5 ring of dexterity (left hand)
 q - an uncursed ring of positive energy
 t - an uncursed ring of ice
 u - the amulet "Ryirr" (around neck) {Faith rN+}
   (You bought it in a shop on level 4 of the Dungeon)

   [amulet of faith]

   It allows you to gain divine favour quickly.
   It protects you from negative energy.
 v - an uncursed ring of ice
 H - a ring of positive energy (right hand)
 K - an uncursed amulet of guardian spirit
 L - an uncursed ring of wizardry
Wands
 y - a wand of paralysis (12)
 B - a wand of iceblast (8)
 C - a wand of flame (35)
Scrolls
 e - 7 scrolls of identify
 h - 4 scrolls of blinking
 j - a scroll of teleportation
 l - 8 scrolls of remove curse
 p - 5 scrolls of enchant armour
 s - 3 scrolls of fear
 D - 5 scrolls of amnesia
Potions
 i - 2 potions of brilliance
 k - 6 potions of haste
 m - 4 potions of mutation
 o - 4 potions of flight
 r - 7 potions of curing
 w - 2 potions of invisibility
 x - 2 potions of agility
 z - 3 potions of heal wounds
 A - a potion of might
 O - a potion of magic
Comestibles
 f - 22 rations


   Skills:
 + Level 11.8 Fighting
 + Level 11.3 Axes
 + Level 9.3 Throwing
 + Level 11.8 Armour
 - Level 0.2 Dodging
 + Level 11.7 Shields
 + Level 7.5 Invocations


You had 12 spell levels left.
You didn't know any spells.

Dungeon Overview and Level Annotations

Branches:
Dungeon (10/15)            Temple (0/1) D:7            Lair (3/6) D:10
  Swamp (0/4) Lair:2       Spider (0/4) Lair:2
    Orc: D:9-12

Altars:
Gozag
Makhleb
Qazlal
Ru
Trog
Vehumet
Wu Jian

Shops:
D:4 *   D:8 :

Annotations:
Lair:2 exclusion: 2 oklob plants
Lair:3 exclusion: oklob plant


Innate Abilities, Weirdness & Mutations

You reflexively headbutt those who attack you in melee.
You have a pair of large horns on your head.
Your magical capacity is low. (-10% MP)
Your system is resistant to poisons. (rPois)
Your natural rate of healing is unusually fast.


Message History

The splash of acid hits you!
You are splashed with acid!
The acid burns!
The oklob plant spits acid at you. The splash of acid hits you!
The acid corrodes you!
You are splashed with acid!
The acid burns!
There is a stone staircase leading up here.
The oklob plant spits acid at you. The splash of acid hits you!
The acid corrodes you!
You are splashed with acid!
The acid burns!
The oklob plant spits acid at you. The splash of acid hits you!
* * * LOW HITPOINT WARNING * * *
The acid corrodes you!
You are splashed with acid!
The acid burns!
* * * LOW HITPOINT WARNING * * *
You slice the oklob plant!! You freeze the oklob plant!
The oklob plant is heavily damaged.
The oklob plant spits acid at you. The splash of acid hits you!
* * * LOW HITPOINT WARNING * * *
The acid corrodes you!
You are splashed with acid!
The acid burns!
You die...

#P..P##.#P...........#......
##...................#P.#...
#...........................
#P.#.###........P...........
#...###P....................
#..## #.P.......?...........
#..# ##..§§.§..>...........
#P.## #...§..§.............
##.P# #.§P@§.<.<.<...P....#
#.## #.§§§...............#
#..####...§...§>..........#
#...#P....................#
#..)..............)........
#..............P..........#
#..........................
#.........................P
##∩.........................


You could see an oklob plant.

Vanquished Creatures
  Gastronok (Lair:3)
  Fannar (Lair:3)
  The ghost of Scypier the Basher, a journeyman HOFi of Okawaru (D:10)
  3 hydras
  2 two-headed ogres (D:10)
  Nergalle (D:10)
  The ghost of hal2100 the Grappler, a novice TrMo (D:6)
  Pikel (D:6)
  An oklob plant (Lair:2)
  2 centaur zombies (D:10)
  A black mamba (Lair:2)
  4 spiny frogs
  A demonic crawler (Lair:2)
  3 komodo dragons
  A hornet (D:7)
  4 blink frogs
  Prince Ribbit (D:8)
  7 hippogriffs
  2 wyverns (D:10)
  42 yaks
  A basilisk (Lair:3)
  A hungry ghost (D:8)
  4 water moccasins
  Duvessa (D:6)
  5 orc warriors
  12 porcupines
  2 ice beasts
  An ogre (D:4)
  An eye of draining (D:3)
  A sky beast (D:7)
  A black bear (D:8)
  3 phantoms
  A necrophage (D:8)
  A centaur (D:9)
  9 crocodiles
  A big kobold (D:7)
  9 bullfrogs
  2 gnoll sergeants
  A wyvern zombie (D:8)
  Dowan (D:6)
  8 scorpions
  8 wights
  4 howler monkeys
  4 crimson imps
  2 bullfrog zombies (D:5)
  2 quasits (D:10)
  A jelly (D:7)
  8 orc priests
  3 hounds
  7 orc wizards
  Natasha (thrice) (D:3)
  2 iguanas
  Terence (D:2)
  15 worker ants
  A hound zombie (D:10)
  A worker ant zombie (D:9)
  7 adders
  11 gnolls
  An ooze (D:1)
  An adder skeleton (D:7)
  4 worms
  3 dart slugs
  7 leopard geckos
  42 orcs
  6 bats
  9 giant cockroaches
  4 hobgoblins
  9 jackals
  9 kobolds
  6 quokkas
  2 ball pythons (D:4)
  4 frilled lizards
  8 goblins
  A leopard gecko skeleton (D:5)
  7 rats
  4 butterflies
  A fungus (Lair:2)
354 creatures vanquished.

Vanquished Creatures (others)
  Edmund (D:6)
  2 howler monkeys (D:6)
  A centaur zombie (D:6)
  An orc priest (D:6)
  An ooze (D:6)
  An adder zombie (D:6)
  2 orcs (D:6)
  A bat (D:6)
  2 fungi
  6 plants
18 creatures vanquished.

Grand Total: 372 creatures vanquished

Notes
Turn   | Place    | Note
-------+----------+-------------------------------------------
     0 | D:1      | PikkenKukken the Minotaur Fighter began the quest for the Orb.
     0 | D:1      | Reached XP level 1. HP: 19/19 MP: 0/0
     7 | D:1      | Reached XP level 2. HP: 19/27 MP: 1/1
   312 | D:1      | Gained mutation: You are frail. (-10% HP) [potion of mutation]
   312 | D:1      | Gained mutation: Your body sometimes deteriorates upon taking damage. [potion of mutation]
   312 | D:1      | Gained mutation: You are agile. (Dex +2) [potion of mutation]
   312 | D:1      | Lost mutation: You are frail. (-10% HP) [potion of mutation]
   444 | D:1      | Lost mutation: Your body sometimes deteriorates upon taking damage. [potion of mutation]
   444 | D:1      | Gained mutation: Your mind is acute. (Int +2) [potion of mutation]
   444 | D:1      | Gained mutation: You are partially covered in thin metallic scales. (AC +2) [potion of mutation]
   795 | D:1      | Reached XP level 3. HP: 33/33 MP: 2/2
   937 | D:2      | Noticed Terence
   949 | D:2      | Killed Terence
  1111 | D:2      | Reached XP level 4. HP: 41/41 MP: 3/3
  2115 | D:3      | Noticed Natasha
  2119 | D:3      | Killed Natasha
  2258 | D:3      | Reached XP level 5. HP: 43/47 MP: 4/4
  2270 | D:3      | Noticed Natasha
  2282 | D:3      | Killed Natasha
  2282 | D:3      | Reached skill level 5 in Armour
  2391 | D:3      | Found an opulent altar of Gozag.
  2490 | D:3      | Found a stormy altar of Qazlal.
  2498 | D:3      | Became a worshipper of Qazlal Stormbringer
  2546 | D:3      | Found a bloodstained altar of Trog.
  2546 | D:3      | Noticed an eye of draining
  2570 | D:3      | Killed an eye of draining
  2570 | D:3      | Reached skill level 5 in Fighting
  2570 | D:3      | Reached skill level 1 in Throwing
  2570 | D:3      | Reached XP level 6. HP: 46/56 MP: 2/5
  2690 | D:3      | Noticed Natasha
  2695 | D:3      | Killed Natasha
  2695 | D:3      | Reached skill level 5 in Shields
  2806 | D:3      | Found a burning altar of Makhleb.
  3247 | D:4      | Reached XP level 7. HP: 61/61 MP: 2/6
  3500 | D:4      | Reached * piety under Qazlal
  3589 | D:4      | Found Zuw Curch's Assorted Antiques.
  3641 | D:4      | Bought a vibrating pewter amulet for 145 gold pieces
  3646 | D:4      | Identified the amulet "Ryirr" {Faith rN+} (You bought it in a shop on level 4 of the Dungeon)
  4059 | D:5      | Entered Level 5 of the Dungeon
  4172 | D:5      | Reached skill level 5 in Axes
  4542 | D:5      | Reached XP level 8. HP: 69/70 MP: 2/7
  4944 | D:6      | Noticed Duvessa
  4944 | D:6      | Noticed Dowan
  4953 | D:6      | Killed Duvessa
  4955 | D:6      | Killed Dowan
  5023 | D:6      | Noticed Pikel
  5046 | D:6      | Killed Pikel
  5563 | D:6      | Reached ** piety under Qazlal
  5587 | D:6      | Noticed hal2100's ghost (novice TrMo)
  5601 | D:6      | Killed hal2100's ghost
  5601 | D:6      | Reached XP level 9. HP: 35/79 MP: 2/8
  5620 | D:6      | Noticed Edmund
  5816 | D:6      | Killed Edmund
  6181 | D:7      | Reached skill level 5 in Throwing
  6181 | D:7      | Reached skill level 1 in Invocations
  6276 | D:7      | Reached *** piety under Qazlal
  6696 | D:7      | Reached XP level 10. HP: 89/89 MP: 3/11
  6724 | D:7      | Found a staircase to the Ecumenical Temple.
  6883 | D:7      | Found an ornate altar of the Wu Jian Council.
  7094 | D:8      | Reached **** piety under Qazlal
  7149 | D:8      | Noticed Prince Ribbit
  7184 | D:8      | Killed Prince Ribbit
  7314 | D:8      | Found Quys's Book Boutique.
  7525 | D:8      | Found a sacrificial altar of Ru.
  7590 | D:9      | Lost mutation: You are agile. (Dex +2) [potion of mutation]
  7590 | D:9      | Lost mutation: You are partially covered in thin metallic scales. (AC +2) [potion of mutation]
  7590 | D:9      | Lost mutation: Your mind is acute. (Int +2) [potion of mutation]
  7590 | D:9      | Gained mutation: Your system is resistant to poisons. (rPois) [potion of mutation]
  7590 | D:9      | Gained mutation: Your natural rate of healing is unusually fast. [potion of mutation]
  7590 | D:9      | Gained mutation: Your magical capacity is low. (-10% MP) [potion of mutation]
  7590 | D:9      | Gained mutation: You have a pair of large horns on your head. [potion of mutation]
  8101 | D:9      | Reached skill level 5 in Invocations
  8367 | D:9      | Found a radiant altar of Vehumet.
  8584 | D:10     | Entered Level 10 of the Dungeon
  8747 | D:10     | Found a staircase to the Lair.
  8757 | D:10     | Noticed a two-headed ogre
  8765 | D:10     | Killed a two-headed ogre
  8852 | D:10     | Noticed a two-headed ogre
  8872 | D:10     | Killed a two-headed ogre
  8872 | D:10     | Reached XP level 11. HP: 66/97 MP: 4/13
  8959 | D:10     | Noticed Nergalle
  8966 | D:10     | Killed Nergalle
  9109 | D:10     | Reached ***** piety under Qazlal
  9144 | D:10     | Noticed Scypier's ghost (journeyman HOFi)
  9170 | D:10     | Killed Scypier's ghost
  9609 | Lair:1   | Entered Level 1 of the Lair of Beasts
  9633 | D:10     | Reached skill level 10 in Armour
  9641 | D:10     | Reached skill level 10 in Fighting
  9731 | Lair:1   | Reached skill level 10 in Shields
  9824 | Lair:1   | Reached skill level 10 in Axes
  9868 | Lair:1   | Noticed a six-headed hydra
  9877 | Lair:1   | Killed an 11-headed hydra
  9881 | Lair:1   | Reached XP level 12. HP: 62/108 MP: 4/13
 10096 | Lair:1   | Got a heavily runed chain mail
 10107 | Lair:1   | Identified the +1 chain mail of Unambiguity {Str+3} (You found it on level 1 of the Lair of Beasts)
 10797 | Lair:2   | Found a hole to the Spider Nest.
 10934 | Lair:2   | Found a staircase to the Swamp.
 11062 | Lair:2   | Identified a scroll of acquirement
 11081 | Lair:2   | Got a crude executioner's axe
 11087 | Lair:2   | Identified the +6 executioner's axe of Conscience {freeze, *Drain +Rage rElec} (You acquired it on level 2 of the Lair of Beasts)
 11106 | Lair:2   | Noticed a seven-headed hydra
 11115 | Lair:2   | Killed an eight-headed hydra
 12023 | Lair:3   | Noticed Fannar
 12120 | Lair:3   | Noticed a seven-headed hydra
 12126 | Lair:2   | Killed a nine-headed hydra
 12224 | Lair:3   | Killed Fannar
 12317 | Lair:3   | Noticed Gastronok
 12329 | Lair:3   | Killed Gastronok
 12352 | Lair:3   | Reached XP level 13. HP: 59/117 MP: 15/15
 12995 | Lair:3   | Splashed by an oklob plant's acid

Skill      XL: |  1  2  3  4  5  6  7  8  9 10 11 12 |
---------------+-------------------------------------+-----
Armour         | 4 5 6 7 8 9 10 11 | 11.8
Fighting       | 4 5 6 7 8 9 10 11 | 11.8
Shields        | 4 5 6 7 8 9 10 11 | 11.7
Axes           | 3 4 5 6 7 8 10 11 | 11.3
Throwing       | 1 2 3 4 5 6 8 9 |  9.3
Invocations    | 3 6 7 |  7.5
Dodging        | |  0.2

Action                   |  1- 3 |  4- 6 |  7- 9 | 10-12 | 13-15 || total
-------------------------+-------+-------+-------+-------+-------++-------
Melee: War axe           |    69 |   126 |   247 |   382 |       ||   824
       Headbutt          |    10 |    38 |    58 |   110 |     1 ||   217
       Executioner's axe |       |       |       |    40 |     4 ||    44
Throw: Tomahawk          |       |     6 |    49 |    65 |       ||   120
       Throwing net      |       |       |     2 |     1 |       ||     3
Invok: Upheaval          |       |       |       |     2 |       ||     2
       Elemental Force   |       |       |       |     1 |       ||     1
  Use: Scroll            |     5 |     5 |     6 |     8 |       ||    24
       Potion            |     3 |     1 |       |     1 |       ||     5
  Eat: Chunk             |     1 |     7 |     4 |    13 |     1 ||    26
       Ration            |       |       |     2 |     2 |     1 ||     5
Armor: Scale mail        |    38 |    35 |    29 |       |       ||   102
       Chain mail        |       |       |    44 |    38 |       ||    82
       Plate armour      |       |       |       |   201 |     6 ||   207
Dodge: Dodged            |    19 |    26 |    45 |    92 |     3 ||   185
       Deflected         |       |       |       |     3 |     1 ||     4
Block: Shield            |    27 |    80 |   167 |   382 |       ||   656
       Other             |       |       |       |    28 |     2 ||    30
